 Dungeon Crawl Stone Soup version 0.31-a0-152-g6aa68a64a1 (webtiles) character file.

Game seed: 14884118091316023849

1513 KristoblXynda the Slicer (level 9, -11/56 HPs)
             Began as a Kobold Berserker on June 9, 2023.
             Was a Priest of Trog.
             Mangled by a gnoll bouda
             ... wielding a +0 scimitar
              (16 damage)
             ... on level 6 of the Dungeon.
             The game lasted 00:08:14 (5909 turns).

KristoblXynda the Slicer (Kobold Berserker)         Turns: 5909, Time: 00:08:15

Health: -11/56     AC: 11    Str: 16    XL:     9   Next: 9%
Magic:  9/9        EV: 16    Int: 10    God:    Trog [***...]
Gold:   252        SH:  0    Dex: 15    Spells: 8/8 levels left

rFire   . . .        a - +0 short sword (chaos)
rCold   . . .        (no shield)
rNeg    . . .        A - +0 ring mail
rPois   +            p - +0 helmet
rElec   .            d - +2 cloak
rCorr   .            s - +0 pair of gloves
SInv    +            (no boots)
Will    .....        (no amulet)
Stlth   +++          j - ring of poison resistance
HPRegen 0.29/turn    x - ring of see invisible
MPRegen 0.11/turn

%: no passive effects
@: weakened
A: small, no large weapons, nightstalker 3
a: Renounce Religion, Berserk, Trog's Hand


You were on level 6 of the Dungeon.
You worshipped Trog.
Trog was most pleased with you.
You visited 2 branches of the dungeon, and saw 7 of its levels.

You collected 252 gold pieces.

Inventory:

Hand Weapons
 a - a +0 short sword of chaos (weapon)
Armour
 d - a +2 cloak (worn)
 p - a +0 helmet (worn)
 s - a +0 pair of gloves (worn)
 u - a +2 robe of fire resistance
 A - a +0 ring mail (worn)
Jewellery
 j - a ring of poison resistance (left hand)
 l - a ring of willpower
 v - a +4 ring of protection
 x - a ring of see invisible (right hand)
Scrolls
 c - 2 scrolls of teleportation
 f - a scroll of amnesia {unknown}
 g - a scroll of fog {unknown}
 i - a scroll of silence {unknown}
 k - 2 scrolls of enchant armour
 m - a scroll of blinking {unknown}
 n - a scroll of immolation {unknown}
 o - a scroll of noise {unknown}
 t - a scroll of torment {unknown}
 w - a scroll of poison {unknown}
Potions
 b - a potion of curing
 h - 2 potions of attraction
 q - a potion of might {unknown}
 r - a potion of cancellation {unknown}
 z - a potion of mutation


   Skills:
 + Level 6.6 Fighting
 + Level 8.1 Short Blades
 - Level 4.1 Armour
 + Level 6.8 Dodging
 + Level 3.2 Stealth


You had 8 spell levels left.
You didn't know any spells.
Your spell library contained the following spells:

 Spells                   Type           Power      Damage    Failure   Level
 Vhi's Electric Charge    Tloc/Air       0%         N/A       90%         3
 Arcjolt                  Conj/Air       0%         1d10      100%        5
 Maxwell's Capacitive Co  Air            0%         ∞         100%        8


Dungeon Overview and Level Annotations

Branches:
Dungeon (5/15)             Temple (1/1) D:4

Altars:
Ashenzari
Cheibriados
Dithmenos
Fedhas
Kikubaaqudgha
Makhleb
Okawaru
Qazlal
Ru
Sif Muna
Uskayaw
Vehumet
Wu Jian
Zin
The Shining One


Innate Abilities, Weirdness & Mutations

You are small and have problems with some larger weapons.
You are completely attuned to the shadows.


Message History

You are too injured to fight recklessly!
You are too injured to fight recklessly!
You are too injured to fight recklessly!
You are too injured to fight recklessly!
You are too injured to fight recklessly!
You are too injured to fight recklessly!
You are too injured to fight recklessly!
You are too injured to fight recklessly!
You are too injured to fight recklessly!
You are too injured to fight recklessly!
You are too injured to fight recklessly!
You are too injured to fight recklessly!
You are too injured to fight recklessly!
You are too injured to fight recklessly!
You are too injured to fight recklessly!
You are too injured to fight recklessly!
You are too injured to fight recklessly!
You are too injured to fight recklessly!
Unknown command.
You hit the gnoll bouda but do no damage.
The gnoll bouda is heavily wounded.
The gnoll bouda is no longer moving slowly.
The gnoll bouda closely misses you.
The gnoll bouda attacks as you move away!
The gnoll bouda barely misses you.
Things that are here:
a +0 club; a throwing net; a gnoll skeleton The gnoll bouda hits you with a +0 scimitar!
* * * LOW HITPOINT WARNING * * *
You see here a +0 spear.
You hit the gnoll bouda but do no damage.
The gnoll bouda is heavily wounded.
Unknown command.
The gnoll bouda hits you with a +0 scimitar!
* * * LOW HITPOINT WARNING * * *
Items here: ) [ ÷÷.
The gnoll bouda attacks as you move away!
The gnoll bouda closely misses you.
The gnoll bouda hits you with a +0 scimitar!
You die...

#.# ## #.......#
#.##.#$##
#.#)....#
#.##.#.#
#.)).....
#)##.#.#.
#g#......
########@##.#.#.
...............
####.######.#
#.# . #.# #.#
#.# #.# #.#


You could see a gnoll bouda (fast, strong, very poisoned).

Vanquished Creatures
  Pikel (D:4)
  Prince Ribbit (D:5)
  3 phantoms
  A scorpion (D:6)
  2 hounds
  A jelly (D:4)
  A gnoll bouda (D:5)
  An orc priest (D:3)
  2 iguanas
  A sleepcap (D:6)
  Ijyb (D:4)
  Natasha (thrice) (D:2)
  A statue (D:4)
  Robin (D:3)
  3 adders
  7 gnolls
  A shadow imp (D:4)
  A white imp (D:5)
  4 dart slugs
  8 orcs
  5 bats
  7 endoplasms
  5 giant cockroaches
  17 goblins
  9 hobgoblins
  11 jackals
  2 quokkas
  9 ball pythons
  3 frilled lizards
  7 kobolds
119 creatures vanquished.

Notes
Turn   | Place    | Note
-------+----------+-------------------------------------------
     0 | D:1      | KristoblXynda the Kobold Berserker began the quest for the
                  | Orb.
     0 | D:1      | Reached XP level 1. HP: 14/14 MP: 1/1
   192 | D:1      | Reached XP level 2. HP: 19/19 MP: 2/2
   611 | D:1      | Reached XP level 3. HP: 23/23 MP: 3/3
  1150 | D:2      | Reached ** piety under Trog
  1391 | D:2      | Noticed Natasha
  1399 | D:2      | Killed Natasha
  1400 | D:2      | Reached XP level 4. HP: 29/29 MP: 4/4
  1416 | D:2      | Noticed Natasha
  1439 | D:2      | Killed Natasha
  1530 | D:2      | Reached XP level 5. HP: 33/33 MP: 5/5
  1631 | D:2      | Noticed Natasha
  1640 | D:2      | Killed Natasha
  1641 | D:2      | Reached skill level 5 in Short Blades
  2363 | D:3      | Noticed Robin
  2396 | D:3      | Killed Robin
  2397 | D:3      | Reached XP level 6. HP: 17/39 MP: 6/6
  2690 | D:3      | Found a blossoming altar of Fedhas.
  2838 | D:3      | Found a hide-covered altar of Uskayaw.
  3014 | D:4      | Noticed Pikel
  3037 | D:4      | Killed Pikel
  3038 | D:4      | Reached skill level 5 in Fighting
  3038 | D:4      | Reached skill level 6 in Short Blades
  3038 | D:4      | Reached skill level 5 in Dodging
  3038 | D:4      | Reached XP level 7. HP: 42/44 MP: 7/7
  3448 | D:4      | Reached XP level 8. HP: 40/50 MP: 8/8
  3571 | D:4      | Found a radiant altar of Vehumet.
  3950 | D:4      | Found a staircase to the Ecumenical Temple.
  4002 | Temple   | Entered the Ecumenical Temple
  4354 | D:4      | Reached skill level 7 in Short Blades
  4513 | D:4      | Noticed Ijyb
  4560 | D:4      | Killed Ijyb
  4776 | D:5      | Entered Level 5 of the Dungeon
  4776 | D:5      | Noticed Prince Ribbit
  4854 | D:5      | Killed Prince Ribbit
  5016 | D:5      | Reached skill level 1 in Stealth
  5183 | D:5      | Found a snail-covered altar of Cheibriados.
  5190 | D:5      | Reached *** piety under Trog
  5200 | D:5      | Noticed a yak
  5206 | D:5      | Noticed a yak
  5208 | D:5      | Noticed a yak
  5581 | D:5      | Found an ornate altar of the Wu Jian Council.
  5594 | D:5      | You fall into a shaft and drop 1 floor!
  5636 | D:6      | Reached XP level 9. HP: 46/56 MP: 9/9
  5652 | D:6      | Reached skill level 8 in Short Blades
  5909 | D:6      | Mangled by a gnoll bouda

Illustrated notes

Levels and vault maps discovered:
D:1:      minmay_arrival_five_plusses, layout_loops_corners,
          minmay_shallow_snake_nest
D:2:      layout_rooms, uniq_natasha
D:3:      layout_rooms, overflow_temple_1_default, mainiacjoe_overflow_24_doors,
          uniq_robin
D:4:      kennysheep_goblin_castle, layout_loops_ring, vehumet_statue,
          minmay_temple_entry_ruins, grunt_decor_cap, uniq_pikel
D:5:      layout_cave_pools, kennysheep_slug_shrine, kennysheep_mini,
          serial_shops, nicolae_square_shop, uniq_prince_ribbit1
D:6:      layout_basic, mainiacjoe_overflow_concentric_impassable, st_stairs_13,
          uniq_maggie
Temple:   jpeg_temple_alley_garden

Skill      XL: |  1  2  3  4  5  6  7  8  9 |
---------------+----------------------------+-----
Armour         | 2 3 4 |  4.1
Dodging        | 3 4 5 6 |  6.8
Fighting       | 4 5 6 |  6.6
Short Blades   | 5 6 7 8 |  8.1
Stealth        | 2 3 |  3.2

Action                     |  1- 3 |  4- 6 |  7- 9 || total
---------------------------+-------+-------+-------++-------
  Melee: Short sword       |   113 |   155 |   416 ||   684
         Punch             |     1 |     1 |     6 ||     8
 Invoke: Berserk           |     1 |     5 |     5 ||    11
    Use: Potion            |       |     2 |       ||     2
         Scroll            |       |     1 |     7 ||     8
   Stab: Sleeping          |    16 |     5 |     7 ||    28
         Distracted        |       |       |     1 ||     1
 Armour: Animal skin       |    10 |    16 |       ||    26
         Robe              |       |       |    39 ||    39
         Ring mail         |       |       |    46 ||    46
  Dodge: Dodged            |    82 |    73 |   234 ||   389

Table legend: (Time is in decaauts)
 A = Elapsed time spent in this place.
 B = Non-inter-level travel time spent in this place.
 C = Inter-level travel time spent in this place.
 D = Time resting spent in this place.
 E = Time spent auto-exploring this place.
 F = Levels seen in this place.
 G = Mean time per level.
                   A        B        C        D        E       F      G
               +--------+--------+--------+--------+--------+-----+--------+
         Total |   5794 |   5651 |    143 |   1491 |   3124 |   7 |  827.7 |
       Dungeon |   5496 |   5399 |     97 |   1491 |   2879 |   6 |  916.0 |
        Temple |    297 |    251 |     46 |      0 |    245 |   1 |  297.0 |
               +--------+--------+--------+--------+--------+-----+--------+

Top non-repeatable levels by time:
     D:4: 1567 daAuts
     D:1: 1130 daAuts
     D:2: 1018 daAuts
     D:3: 848 daAuts
     D:5: 636 daAuts
  Temple: 297 daAuts
     D:6: 295 daAuts
